 Seeded DCSS version 0.27-a0-287-gd4424db (webtiles) character file.

Game seed: 8970044951668027714 (custom seed)

6173 Illumine the Cutter (level 10, -9/63 HPs)
             Began as a Tengu Fighter on Feb 7, 2021.
             Was a Priest of Ru.
             Splashed by an acid dragon's acid (19 damage)
             ... on level 9 of the Dungeon on Feb 8, 2021.
             The game lasted 00:26:11 (11101 turns).

Illumine the Cutter (Tengu Fighter)                Turns: 11101, Time: 00:26:13

Health: -9/63      AC: 14    Str: 19    XL:     10   Next: 91%
Magic:  11/11      EV:  8    Int:  9    God:    Ru [***...]
Gold:   439        SH: 11    Dex: 20    Spells: 9/9 levels left

rFire    . . .     SeeInvis .   a - +0 long sword (freeze)
rCold    . . .     Faith    .   c - +0 kite shield
rNeg     . . .     Spirit   .   p - +0 plate armour
rPois    .         Reflect  .   (helmet restricted)
rElec    .         Harm     .   g - +0 cloak
rCorr    .         Rampage  .   O - +2 pair of gloves
Will     .....                  (boots unavailable)
Stlth    ..........             (no amulet)
HPRegen  0.20/turn              D - +4 ring of protection
MPRegen  0.12/turn              H - +6 ring of dexterity

@: corroded, flying quickly and evasively, quick
A: beak, talons 3, hated by all, no hexes magic, no ice magic, no necromancy
magic, disrupted magic 1, able to fly
a: Stop Flying, Renounce Religion, Draw Out Power


You were on level 9 of the Dungeon.
You worshipped Ru.
Ru was most pleased with you.
You visited 1 branch of the dungeon, and saw 9 of its levels.
You also visited: Sewer, Ossuary and Bailey.

You collected 439 gold pieces.

Inventory:

Hand Weapons
 a - a +0 long sword of freezing (weapon)
 b - a +0 hunting sling
 y - a +0 rapier of flaming
 E - a cursed +3 short sword
Missiles
 f - 76 sling bullets
 h - 185 stones
 w - 34 poisoned darts (quivered)
Armour
 c - a +0 kite shield (worn)
 g - a +0 cloak (worn)
 p - a +0 plate armour (worn)
 O - a +2 pair of gloves (worn)
Jewellery
 D - a +4 ring of protection (left hand)
 H - a +6 ring of dexterity (right hand)
Wands
 l - a wand of iceblast (14)
 s - a wand of polymorph (16)
 L - a wand of acid (1)
 M - a wand of digging (3)
Scrolls
 i - 3 scrolls of amnesia
 k - a scroll of fog
 u - 4 scrolls of teleportation
 x - 2 scrolls of remove curse
 C - 7 scrolls of identify
 F - a scroll of enchant weapon {unknown}
 I - a scroll of blinking
 J - 2 scrolls of fear {unknown}
 K - a scroll of magic mapping
Potions
 d - 3 potions of might
 e - 3 potions of cancellation
 j - 2 potions of lignification {unknown}
 m - a potion of heal wounds
 n - 2 potions of haste
 o - a potion of resistance {unknown}
 q - 9 potions of brilliance
 r - 4 potions of attraction
 v - a potion of invisibility {unknown}
 z - 8 potions of curing
 A - 3 potions of flight {unknown}
 B - a potion of berserk rage {unknown}
 G - a potion of ambrosia {unknown}


   Skills:
 + Level 7.5 Fighting
 - Level 7.9(8.4) Short Blades
 + Level 4.2(6.5) Long Blades
 + Level 6.0 Slings
 + Level 7.8 Armour
 - Level 4.1 Dodging
 + Level 7.3 Shields
 + Level 2.6 Evocations


You had 9 spell levels left.
You didn't know any spells.
Your spell library was empty.

Dungeon Overview and Level Annotations

Branches:
Dungeon (9/15)             Temple (0/1) D:5           Sewer (visited)
Ossuary (visited)          Bailey (visited)
   Lair: D:8-11         Orc: D:9-12

Altars:
Dithmenos
Hepliaklqana
Ru
Sif Muna
Trog
Vehumet
Wu Jian
Yredelemnul
Zin

Annotations:
D:8 Gastronok


Innate Abilities, Weirdness & Mutations

You have a beak for a mouth.
You have claws for feet.
You are hated by all.
You cannot study or cast Hexes magic.
You cannot study or cast Ice magic.
You cannot study or cast Necromancy magic.
Your casting is slightly disrupted.
You can fly continuously.


Message History

The acid dragon spits acid at you.
The splash of acid hits you but does no damage.
The acid corrodes you!
You are splashed with acid!
Your Slings skill increases to level 6!
The acid dragon bites you.
* * * LOW HITPOINT WARNING * * *
You focus your inner power and blind the acid dragon in retribution!
The acid dragon closely misses you.
Things that are here:
a yak corpse; a yak corpse You hit the acid dragon but do no damage.
The acid dragon bites you but does no damage.
The acid dragon claws you but does no damage.
You closely miss the acid dragon. Your kick misses the acid dragon.
Your peck misses the acid dragon. The acid dragon spits acid at you.
The splash of acid hits you!
* * * LOW HITPOINT WARNING * * *
The acid corrodes you!
You are splashed with acid!!
You die... ........ ........ '####### #+### ##..## # ....## ..##.# $Y #...##### ##..## $$$ #..#... ..##.# #Y$$ #.#.###.# ##..#+ #$YDY

#.'D....# ..##.#
#$..$#.#@#.###.#.#
##..##
#$..YD#.#.......#
..##.#
###...#.#.#####.#
##..##
.....##...).....#
)##### ###+###
#####'#####
.....##..
..####.....##
.....#..
..##.......##
#....#.#
#.#...###...#
.###.#.# #.#..#
##..#


You could see an acid dragon (blind, catching breath).

Vanquished Creatures
  A cyclops (D:9)
  A troll (D:9)
  Grinder (D:4)
  Sigmund (D:2)
  10 yaks
  Edmund (D:4)
  Menkaure (D:4)
  A water moccasin (D:9)
  A sky beast (D:6)
  2 ice beasts (D:8)
  4 orc warriors
  2 black bears
  3 ogres
  3 centaurs
  A phantom (D:9)
  3 elf skeletons (D:6)
  An elf zombie (Ossuary)
  2 bullfrogs
  A water moccasin zombie (D:9)
  2 scorpions
  A water moccasin skeleton (D:6)
  5 wights
  3 electric eels (Bailey)
  3 centaur zombies
  A bullfrog zombie (D:7)
  2 human zombies (Ossuary)
  2 jellies
  3 orc priests
  3 hounds
  3 iguanas
  A bullfrog skeleton (D:2)
  A human skeleton (D:6)
  5 orc wizards
  5 worker ants
  2 mummies (Ossuary)
  9 adders
  6 river rats
  2 shadow imps
  4 white imps
  2 ufetubi
  An adder zombie (D:9)
  A worm (D:3)
  3 dart slugs
  6 leopard geckos
  37 orcs
  8 ball pythons
  12 bats
  3 giant cockroaches
  10 goblins
  14 hobgoblins
  17 jackals
  4 quokkas
  5 frilled lizards
  4 goblin zombies (Ossuary)
  7 hobgoblin zombies (Ossuary)
  25 kobolds
  12 kobold zombies (Ossuary)
  A leopard gecko zombie (D:5)
  2 orc skeletons (D:6)
  9 orc zombies (Ossuary)
  A quokka zombie (D:9)
  26 rats
  A rat zombie (Ossuary)
314 creatures vanquished.

Vanquished Creatures (others)
  An orc (D:6)
1 creature vanquished.

Grand Total: 315 creatures vanquished

Notes
Turn   | Place    | Note
-------+----------+-------------------------------------------
     0 | D:1      | Illumine the Tengu Fighter began the quest for the Orb.
     0 | D:1      | Reached XP level 1. HP: 14/14 MP: 2/2
   207 | D:1      | Reached XP level 2. HP: 19/19 MP: 3/3
   685 | D:1      | Reached XP level 3. HP: 23/23 MP: 4/4
  1332 | D:2      | Reached XP level 4. HP: 28/28 MP: 5/5
  1459 | D:2      | Found a faded altar of an unknown god.
  1547 | D:2      | Noticed Sigmund
  1900 | D:3      | Found a glowing drain.
  1907 | D:3      | Gained mutation: You can fly continuously. [Tengu growth]
  1907 | D:3      | Reached XP level 5. HP: 33/33 MP: 6/6
  1917 | Sewer    | Entered a sewer
  2880 | D:3      | Found a sacrificial altar of Ru.
  3030 | D:3      | Became a worshipper of Ru the Awakened
  3059 | D:3      | Reached XP level 6. HP: 38/38 MP: 7/7
  3505 | D:4      | Noticed Grinder
  3750 | D:4      | Noticed Menkaure
  3783 | D:5      | Entered Level 5 of the Dungeon
  4046 | D:5      | Reached skill level 5 in Short Blades
  4046 | D:5      | Reached skill level 1 in Slings
  4482 | D:5      | Reached XP level 7. HP: 43/44 MP: 8/8
  4482 | D:5      | Gained mutation: Your casting is slightly disrupted. [Ru
                  | sacrifice]
  4850 | D:5      | Found a staircase to the Ecumenical Temple.
  4921 | D:4      | Killed Menkaure
  5398 | D:2      | Killed Sigmund
  5810 | D:6      | Reached XP level 8. HP: 29/48 MP: 9/9
  5967 | D:6      | Reached skill level 5 in Fighting
  6005 | D:6      | Upgraded the game from 0.27-a0-286-g37e0bc1 to
                  | 0.27-a0-287-gd4424db
  6023 | D:6      | Reached skill level 5 in Armour
  6026 | D:6      | Reached skill level 5 in Shields
  6118 | D:6      | Found a sand-covered staircase.
  6268 | Ossuary  | Entered an ossuary
  7032 | D:6      | Reached skill level 1 in Dodging
  7311 | D:6      | Gained mutation: You are hated by all. [Ru sacrifice]
  7311 | D:6      | Reached * piety under Ru
  7311 | D:6      | Reached ** piety under Ru
  7318 | D:6      | Reached XP level 9. HP: 53/55 MP: 10/10
  7333 | D:6      | Found a hazy altar of Hepliaklqana.
  7423 | D:6      | Found a glowing silver altar of Zin.
  7427 | D:6      | Found a shadowy altar of Dithmenos.
  7614 | D:6      | Found a bloodstained altar of Trog.
  7833 | D:7      | Found a basalt altar of Yredelemnul.
  7835 | D:7      | Found an ornate altar of the Wu Jian Council.
  7860 | D:7      | Found a flagged portal.
  7870 | Bailey   | Entered a bailey
  8087 | Bailey   | Found an iron altar of Okawaru.
  8087 | Bailey   | Noticed a kobold demonologist
  8087 | Bailey   | Noticed a kobold demonologist
  8090 | Bailey   | Noticed a rust devil
  8113 | Bailey   | Noticed an ice devil
  8116 | Bailey   | Noticed a soul eater
  8120 | Bailey   | Noticed a sun demon
  8126 | Bailey   | Noticed a smoke demon
  8690 | D:7      | Found a sacrificial altar of Ru.
  9029 | D:8      | Reached skill level 1 in Long Blades
  9051 | D:8      | Noticed Gastronok
  9238 | D:4      | Noticed Edmund
  9254 | D:4      | Killed Edmund
  9282 | D:4      | Paralysed by Grinder for 3 turns
  9288 | D:4      | Killed Grinder
  9289 | D:4      | Reached XP level 10. HP: 52/61 MP: 11/11
  9410 | D:4      | Reached skill level 5 in Slings
  9477 | D:4      | Found a radiant altar of Vehumet.
  9565 | D:4      | Found a shimmering blue altar of Sif Muna.
 10495 | D:9      | Noticed a cyclops
 10547 | D:9      | Reached skill level 1 in Evocations
 10719 | D:9      | Killed a cyclops
 11085 | D:9      | Gained mutation: You cannot study or cast Ice magic. [Ru
                  | sacrifice]
 11085 | D:9      | Gained mutation: You cannot study or cast Hexes magic. [Ru
                  | sacrifice]
 11085 | D:9      | Gained mutation: You cannot study or cast Necromancy magic.
                  | [Ru sacrifice]
 11085 | D:9      | Reached *** piety under Ru
 11101 | D:9      | Splashed by an acid dragon's acid

Illustrated notes

Levels and vault maps discovered:
D:1:      dpeg_arrival_round_b, layout_basic, chequers_serial_rivers_marsh,
          corexii_item_surrounded_by_moat
D:2:      layout_loops_ring, chequers_ecumenical_altar_simple, uniq_sigmund
D:3:      layout_basic, cheibrodos_sewer_entry_sluice, nicolae_ru_path_of_blood
D:4:      layout_rooms, lemuel_coloured_pillars_altar, kennysheep_mini_moat,
          uniq_menkaure, uniq_edmund, uniq_grinder
D:5:      layout_cave_pools, temple_hall
D:6:      layout_loops_ring, marbit_many_paths, minitemple,
          nicolae_ossuary_entry_catacombs
D:7:      layout_layer_cave, chequers_temple_overflow_statue_of_worship,
          basic_altar, enter_bailey_2
D:8:      layout_rooms, uniq_gastronok
D:9:      minmay_the_grid_3x3 [minmay_the_grid_eight,
          minmay_the_grid_outer_circle, minmay_the_grid_holed_spiral,
          minmay_the_grid_spikes, minmay_the_grid_dragon_a,
          minmay_the_grid_rooms, minmay_the_grid_expand,
          minmay_the_grid_stretched_grid, minmay_the_grid_prize_inner_circle],
          layout_irregular_city, chequers_temple_overflow_minitemple

Skill      XL: |  1  2  3  4  5  6  7  8  9 10 |
---------------+-------------------------------+-----
Short Blades   | 3 4 5 6 7 |  7.9
Fighting       | 4 5 6 7 |  7.5
Shields        | 4 5 6 7 |  7.3
Armour         | 4 5 6 7 |  7.8
Slings         | 1 2 3 4 6 |  6.0
Dodging        | 1 3 4 |  4.1
Long Blades    | 2 4 |  4.2
Evocations     | 2 |  2.6

Action                   |  1- 3 |  4- 6 |  7- 9 | 10-12 || total
-------------------------+-------+-------+-------+-------++-------
Melee: Rapier            |    87 |   232 |   337 |       ||   656
       Kick              |    20 |    57 |   143 |    90 ||   310
       Peck              |    10 |    36 |    83 |    55 ||   184
       Long sword        |       |       |    56 |   184 ||   240
 Fire: Hunting sling     |       |     7 |    79 |       ||    86
Throw: Dart              |       |     4 |     1 |       ||     5
Invok: Sacrifice Essence |       |       |     1 |       ||     1
       Sacrifice Love    |       |       |     1 |       ||     1
       Sacrifice Arcana  |       |       |       |     1 ||     1
 Abil: Fly               |       |     1 |       |     1 ||     2
       Stop Flying       |       |       |     1 |       ||     1
Evoke: Wand              |       |       |     1 |     4 ||     5
  Use: Scroll            |       |     8 |     9 |       ||    17
       Potion            |       |       |     7 |       ||     7
 Stab: Distracted        |       |       |     2 |       ||     2
Armor: Scale mail        |    38 |       |       |       ||    38
       Chain mail        |     4 |   142 |       |       ||   146
       Plate armour      |       |    12 |   177 |    87 ||   276
Dodge: Dodged            |    19 |    49 |    52 |    31 ||   151
Block: Kite shield       |    39 |   149 |   155 |    95 ||   438
       Rpst.: Long sword |       |       |     2 |    11 ||    13

Table legend: (Time is in decaauts)
 A = Elapsed time spent in this place.
 B = Non-inter-level travel time spent in this place.
 C = Inter-level travel time spent in this place.
 D = Time resting spent in this place.
 E = Time spent auto-exploring this place.
 F = Levels seen in this place.
 G = Mean time per level.
                   A        B        C        D        E       F      G
               +--------+--------+--------+--------+--------+-----+--------+
         Total |  10950 |  10396 |    554 |   3350 |   4343 |  12 |  912.5 |
       Dungeon |   9130 |   8576 |    554 |   2622 |   3915 |   9 | 1014.4 |
         Sewer |    662 |    662 |      0 |    153 |    291 |   1 |  662.0 |
       Ossuary |    591 |    591 |      0 |    207 |    117 |   1 |  591.0 |
        Bailey |    566 |    566 |      0 |    367 |     19 |   1 |  566.0 |
               +--------+--------+--------+--------+--------+-----+--------+

Top non-repeatable levels by time:
     D:1: 1427 daAuts
     D:6: 1363 daAuts
     D:3: 1317 daAuts
     D:5: 1082 daAuts
     D:9: 1053 daAuts
     D:2: 1035 daAuts
     D:7: 921 daAuts
     D:4: 669 daAuts
   Sewer: 662 daAuts
 Ossuary: 591 daAuts
  Bailey: 566 daAuts
     D:8: 260 daAuts
